 Dungeon Crawl Stone Soup version 0.26-a0-837-g5a8a614f01 (webtiles) character file.

Game seed: 7877875296259829223

360 BuffBuff the Skirmisher (level 6, -1/39 HPs)
             Began as a Gargoyle Fighter on Nov 18, 2020.
             Slain by Sigmund
             ... wielding a +0 scythe
              (8 damage)
             ... on level 3 of the Dungeon.
             The game lasted 00:11:22 (3287 turns).

BuffBuff the Skirmisher (Gargoyle Fighter)          Turns: 3287, Time: 00:11:22

Health: -1/39      AC: 14    Str: 22    XL:     6   Next: 65%
Magic:  6/6        EV: 11    Int:  8    God:
Gold:   146        SH:  9    Dex:  9    Spells: 5/5 levels left

rFire    . . .     SeeInvis .   a - +0 flail
rCold    . . .     Faith    .   c - +0 kite shield
rNeg     + . .     Spirit   .   b - +0 scale mail
rPois    ∞         Reflect  .   (no helmet)
rElec    +         Harm     .   (no cloak)
rCorr    .         Rampage  .   (no gloves)
MR       .....                  s - +2 pair of boots
Stlth    ..........             (no amulet)
HPRegen  0.13/turn              g - +4 ring of evasion
MPRegen  0.10/turn              (no ring)

@: attractive
A: negative energy resistance 1, electricity resistance, unbreathing,
petrification resistance, rot immunity, AC +4
a: no special abilities


You were on level 3 of the Dungeon.
You visited 1 branch of the dungeon, and saw 3 of its levels.

You collected 146 gold pieces.

Inventory:

Hand Weapons
 a - a +0 flail (weapon)
Missiles
 p - 20 poisoned darts (quivered)
Armour
 b - a +0 scale mail (worn)
 c - a +0 kite shield (worn)
 s - a +2 pair of boots (worn)
Jewellery
 g - a +4 ring of evasion (left hand)
 l - a +6 ring of dexterity {unknown}
Wands
 d - a wand of polymorph (13)
 q - a wand of flame (23)
Scrolls
 h - 4 scrolls of identify {unknown}
 i - 2 scrolls of amnesia {unknown}
 k - 3 scrolls of blinking {unknown}
 o - a scroll of fear {unknown}
 r - 3 scrolls of teleportation {unknown}
 u - a scroll of magic mapping {unknown}
 v - 2 scrolls of remove curse {unknown}
Potions
 e - 2 potions of degeneration {unknown}
 f - a potion of heal wounds {unknown}
 j - 2 potions of mutation {unknown}
 m - 2 potions of attraction
 n - 2 potions of curing {unknown}
 t - a potion of lignification {unknown}


   Skills:
 + Level 4.6 Fighting
 * Level 4.5 Maces & Flails
 + Level 4.5 Armour
 + Level 4.6 Shields


You had 5 spell levels left.
You didn't know any spells.
Your spell library was empty.

Dungeon Overview and Level Annotations

Branches:
Dungeon (3/15)

Altars:
Gozag
Makhleb
Uskayaw
Yredelemnul
Zin

Annotations:
D:3 2 transporters, Rosaphim's ghost, amateur GrFi; Sigmund


Innate Abilities, Weirdness & Mutations

You are resistant to torment.
Your stone body is resilient. (AC +4)
You are immune to poison.
You resist negative energy. (rN+)
You are resistant to electric shocks. (rElec)
You can survive without breathing.
You are immune to petrification.
You are immune to rotting.


Message History

The puff of flame hits you.
You closely miss the frilled lizard.
The frilled lizard bites you but does no damage.
Something hits you but does no damage.
You barely miss the frilled lizard. You block the frilled lizard's attack.
The frilled lizard bites you but does no damage.
Something hits you!
* * * LOW HITPOINT WARNING * * *
You closely miss the frilled lizard. You block the frilled lizard's attack.
You hit the frilled lizard.
You kill the frilled lizard!
You hear some strange, mumbled words.
A magic dart appears from out of thin air!
The magic dart hits you but does no damage.
You closely miss something.
You hear some strange, mumbled words.
A magic dart appears from out of thin air!
The magic dart hits you but does no damage.
Something hits you!
You die...

######### ###### ... ##...#...##
#..... ... ##.........## #.....
... #...........# #..... ...
#...........# #..... ...
####..{@.......# ##.....
...#######......)...^..####......
.......................†.........
>#...).....#########.###.........
#.######### #.###....##.## ...
############ #.##.....##.# .##
#..........###........##.## #
#..............###.........
#..........###.####...##.##


There were no monsters in sight!

Vanquished Creatures
  A bullfrog (D:2)
  A wight (D:3)
  A crimson imp (D:2)
  Jessica (D:2)
  Natasha (thrice) (D:2)
  Robin (D:3)
  2 adders (D:2)
  An ooze (D:2)
  A worm (D:3)
  5 leopard geckos
  2 orcs (D:3)
  8 giant cockroaches
  17 goblins
  12 hobgoblins
  3 jackals (D:2)
  A quokka (D:2)
  A ball python (D:1)
  6 bats
  6 frilled lizards
  6 kobolds
  8 rats
87 creatures vanquished.

Vanquished Creatures (others)
  4 plants (D:2)
4 creatures vanquished.

Grand Total: 91 creatures vanquished

Notes
Turn   | Place    | Note
-------+----------+-------------------------------------------
     0 | D:1      | BuffBuff the Gargoyle Fighter began the quest for the Orb.
     0 | D:1      | Reached XP level 1. HP: 14/14 MP: 1/1
   116 | D:1      | Reached XP level 2. HP: 19/19 MP: 2/2
   695 | D:2      | Reached XP level 3. HP: 20/23 MP: 3/3
  1035 | D:2      | Found a glowing silver altar of Zin.
  1078 | D:2      | Found a basalt altar of Yredelemnul.
  1088 | D:2      | Found a hide-covered altar of Uskayaw.
  1093 | D:2      | Found an opulent altar of Gozag.
  1164 | D:2      | Reached XP level 4. HP: 28/29 MP: 4/4
  1339 | D:2      | Noticed a bullfrog
  1363 | D:2      | Killed a bullfrog
  1364 | D:2      | Reached XP level 5. HP: 16/33 MP: 5/5
  1555 | D:2      | Noticed Jessica
  1572 | D:2      | Killed Jessica
  1623 | D:2      | Noticed Natasha
  1629 | D:2      | Killed Natasha
  1676 | D:2      | Noticed Natasha
  1682 | D:2      | Killed Natasha
  1985 | D:2      | Noticed Natasha
  1999 | D:2      | Killed Natasha
  2000 | D:2      | Reached XP level 6. HP: 9/39 MP: 6/6
  2534 | D:2      | Found a burning altar of Makhleb.
  2752 | D:3      | Noticed Robin
  2923 | D:3      | Killed Robin
  2953 | D:3      | Found a transporter.
  3106 | D:3      | Found a transporter.
  3107 | D:3      | Noticed Rosaphim's ghost (amateur GrFi)
  3256 | D:3      | Noticed Sigmund
  3287 | D:3      | Slain by Sigmund

Illustrated notes

Levels and vault maps discovered:
D:1:      eino_arrival_cavern_a, layout_basic
D:2:      layout_basic, minitemple, makhleb_grotto_becter, serial_forest,
          infiniplex_forest_pool, infiniplex_forest_end_2,
          infiniplex_forest_clump_curved, infiniplex_forest_clump_small,
          infiniplex_forest_clump_diagonal, infiniplex_forest_zigzag_1,
          infiniplex_forest_clump_small, infiniplex_forest_clump_small,
          uniq_natasha, uniq_jessica
D:3:      layout_rooms, gammafunk_ghost_mausoleum, uniq_sigmund, uniq_robin,
          uniq_crazy_yiuf_cottage

Skill      XL: |  1  2  3  4  5 |
---------------+----------------+-----
Maces & Flails | 3 4 |  4.5
Fighting       | 4 |  4.6
Armour         | 4 |  4.5
Shields        | 4 |  4.6

Action                   |  1- 3 |  4- 6 || total
-------------------------+-------+-------++-------
Melee: Flail             |   141 |   219 ||   360
  Use: Potion            |       |     2 ||     2
Armor: Scale mail        |    63 |   119 ||   182
Dodge: Dodged            |    68 |   113 ||   181
Block: Kite shield       |    67 |   113 ||   180

Table legend: (Time is in decaauts)
 A = Elapsed time spent in this place.
 B = Non-inter-level travel time spent in this place.
 C = Inter-level travel time spent in this place.
 D = Time resting spent in this place.
 E = Time spent auto-exploring this place.
 F = Levels seen in this place.
 G = Mean time per level.
                   A        B        C        D        E       F      G
               +--------+--------+--------+--------+--------+-----+--------+
         Total |   3406 |   3357 |     49 |    824 |   1681 |   3 | 1135.3 |
       Dungeon |   3406 |   3357 |     49 |    824 |   1681 |   3 | 1135.3 |
               +--------+--------+--------+--------+--------+-----+--------+

Top non-repeatable levels by time:
     D:2: 2347 daAuts
     D:1: 652 daAuts
     D:3: 406 daAuts
